 Dungeon Crawl Stone Soup version 0.28.0-45-g0d030f2227 (webtiles) character file.

Game seed: 1993455895189146643

133 RepoMan the Conjurer (level 5, -3/31 HPs)
             Began as an Octopode Conjurer on Apr 9, 2022.
             Slain by an orc
             ... wielding a +0 flail
              (8 damage)
             ... on level 3 of the Dungeon.
             The game lasted 00:08:19 (2588 turns).

RepoMan the Conjurer (Octopode Conjurer)            Turns: 2588, Time: 00:08:20

Health: -3/31      AC:  1    Str:  7    XL:     5   Next: 16%
Magic:  0/8        EV: 12    Int: 22    God:
Gold:   117        SH:  3    Dex: 10    Spells: 5/8 levels left

rFire   . . .      SeeInvis .   e - +2 dagger (venom)
rCold   . . .      Faith    .   f - +0 buckler
rNeg    . . .      Spirit   .   (helmet restricted)
rPois   .          Reflect  .   (no amulet)
rElec   .          Harm     .   k - ring of resist corrosion
rCorr   +          Rampage  .   (no ring)
Will    .....                   (no ring)
Stlth   +++.......              (no ring)
HPRegen 0.10/turn               (no ring)
MPRegen 0.11/turn               (no ring)
                                (no ring)
                                (no ring)

@: no status effects
A: almost no armour, amphibious, 8 rings, camouflage 1, gelatinous body 1,
(nimble swimmer 1), tentacles
a: no special abilities


You were on level 3 of the Dungeon.
You visited 1 branch of the dungeon, and saw 3 of its levels.

You collected 117 gold pieces.

Inventory:

Hand Weapons
 e - a +2 dagger of venom (weapon)
Missiles
 i - 4 poisoned darts
Armour
 f - a +0 buckler (worn)
Jewellery
 k - a ring of resist corrosion (left tentacle)
Scrolls
 d - a scroll of magic mapping
 j - a scroll of acquirement
 n - a scroll of teleportation {unknown}
Potions
 b - a potion of brilliance {unknown}
 c - a potion of might {unknown}
 g - 2 potions of cancellation {unknown}
 h - a potion of flight {unknown}
 l - a potion of attraction {unknown}
 m - a potion of invisibility {unknown}


   Skills:
 - Level 2.0 Dodging
 - Level 2.6 Stealth
 + Level 1.7 Shields
 - Level 2.0 Spellcasting
 * Level 5.9 Conjurations


You had 5 spell levels left.
You knew the following spells:

 Your Spells              Type           Power      Damage    Failure   Level
q - Magic Dart            Conj           100%       1d8       1%          1
r - Searing Ray           Conj           56%        2d6       2%          2

Your spell library contained the following spells:

 Spells                   Type           Power      Damage    Failure   Level
 Dazzling Flash           Conj/Hex       30%        N/A       16%         3
 Fulminant Prism          Conj/Hex       7%         3d7       47%         4
 Iskenderun's Mystic Bla  Conj/Tloc      15%        2d5       47%         4


Dungeon Overview and Level Annotations

Branches:
Dungeon (3/15)

Altars:


Innate Abilities, Weirdness & Mutations

You cannot wear most types of armour.
You are amphibious.
You can wear up to eight rings at the same time.
Your skin changes colour to match your surroundings (Stealth+).
Your rubbery body absorbs attacks. (AC +1, EV +1)
((You are camouflaged when in or above water. (Stealth+)))
You have tentacles for arms and can constrict up to eight enemies at once.


Message History

Unknown command.
Okay, then.
Unknown command.
You release your grip on the orc priest.
Unknown command.
Casting: Searing Ray (safe; 2% risk of failure)
Confirm with . or Enter, or press ? or * to list all spells.
Aiming: Searing Ray (safe; 2% risk of failure)
Press: ? - help, Shift-Dir - straight line, f/p - orc priest
Aim: an orc priest, wielding a +0 club and wearing a +0 ring mail (heavily wounded, very poisoned, 82% to hit)
The searing ray misses the ball python.
The searing ray hits the orc priest!
You kill the orc priest! (Press . to maintain the ray.)
The ball python bites you. The ball python grabs you.
The ball python constricts you. The ball python bites you.
The ball python constricts you.
You have reached level 5!
You feel stronger.
You hit the ball python.
You kill the ball python!
The orc priest begins to cast a cantrip, but forgets the words!
The magic dart hits the orc priest.
The orc priest is lightly wounded.
An orc comes into view. It is wielding a +0 club.
As you read the scroll labelled HUC OHUKYSMUEZ, it crumbles to dust.
You feel aware of your surroundings.
It was a scroll of magic mapping.
As you read the scroll labelled ERHIOMN QAQO, it crumbles to dust.
It is a scroll of identify.
j - a scroll of acquirement
Okay, then.
Okay, then.
The orc priest looks braver for a moment.
The orc priest calls down the wrath of Beogh upon you.
Beogh smites you!
* * * LOW HITPOINT WARNING * * *
Unknown command.
You hit the orc priest. You grab the orc priest. You squeeze the orc priest!
The orc priest is severely wounded.
You constrict the orc priest. The orc hits you with a +0 flail!
You die...

*,***,* ▒.▒ ▒.▒ ▒.▒ ▒.▒ ▒.▒ ▒.▒
▒.▒ ▒.▒ ▒.▒▒▒.▒▒▒▒▒▒▒▒▒▒▒▒▒▒▒
****▒▒▒▒▒▒▒.▒.................▒▒
*>,,oo.o......o.................
*,********▒.▒.▒@▒*****▒▒▒▒▒▒▒.▒▒
**,**▒▒▒▒▒▒▒.▒.▒o▒▒▒▒▒▒▒▒▒▒▒▒▒...
,,,,,......)o†.o.................
*****▒▒▒▒▒▒▒.▒.▒.▒▒▒▒▒▒▒▒▒▒▒▒▒▒▒▒
,,,,,,*,,,,▒.▒.▒.▒ ▒
▒▒▒▒▒,*,**,▒.▒.▒.▒ ▒
▒...▒,*,*,,▒.▒.▒.▒ ▒
▒.▒.▒,*,*,*▒.▒.▒.▒ ▒
▒.▒.▒,*,,,,..▒.▒.▒ ▒


You could see 2 orc priests and an orc.

Vanquished Creatures
  An orc priest (D:3)
  4 adders
  A worm (D:3)
  A dart slug (D:1)
  11 bats
  4 endoplasms
  A giant cockroach (D:1)
  7 goblins
  5 hobgoblins (D:1)
  3 jackals (D:1)
  6 kobolds
  A quokka (D:1)
  8 ball pythons
  3 frilled lizards
  4 rats
60 creatures vanquished.

Notes
Turn   | Place    | Note
-------+----------+-------------------------------------------
     0 | D:1      | RepoMan the Octopode Conjurer began the quest for the Orb.
     0 | D:1      | Reached XP level 1. HP: 11/11 MP: 3/3
     6 | D:1      | Noticed a black bear
     6 | D:1      | Noticed a hog
     7 | D:1      | Noticed a water moccasin
     7 | D:1      | Noticed a swamp drake
   191 | D:1      | Reached XP level 2. HP: 17/17 MP: 0/5
   247 | D:1      | Learned a level 2 spell: Searing Ray
   600 | D:1      | Reached XP level 3. HP: 21/21 MP: 2/6
   684 | D:1      | Reached skill level 5 in Conjurations
  1636 | D:2      | Reached XP level 4. HP: 27/27 MP: 4/7
  1760 | D:2      | Reached skill level 1 in Shields
  2019 | D:3      | Noticed a phantom
  2408 | D:3      | Noticed a phantom
  2472 | D:3      | Found a faded altar of an unknown god.
  2581 | D:3      | Reached XP level 5. HP: 19/31 MP: 0/8
  2584 | D:3      | Identified a scroll of acquirement
  2588 | D:3      | Slain by an orc

Illustrated notes

Levels and vault maps discovered:
D:1:      onia_arrival_zoo_common, layout_rooms
D:2:      layout_loops_ring, columned_hall_lemuel, minmay_strange_pillars,
          eino_tiny_chamber
D:3:      layout_basic, dreamdust_ecumenical_altar_angels_and_demons,
          minmay_diced_spiral

Skill      XL: |  1  2  3  4 |
---------------+-------------+-----
Conjurations   | 5 |  5.9
Shields        | 1 |  1.7
Dodging        | |  2.0
Stealth        | |  2.6
Spellcasting   | |  2.0

Action                   |  1- 3 |  4- 6 || total
-------------------------+-------+-------++-------
Melee: Unarmed           |     4 |       ||     4
       Tentacles         |     2 |     1 ||     3
       Dagger            |     2 |     4 ||     6
       Constrict         |     1 |     2 ||     3
 Cast: Magic Dart        |    71 |    29 ||   100
       Searing Ray       |       |     2 ||     2
  Use: Scroll            |       |     2 ||     2
Armor: Skin              |     2 |       ||     2
Dodge: Dodged            |     5 |     2 ||     7
Block: Buckler           |       |     1 ||     1
